 Dungeon Crawl Stone Soup version 0.13-a0-2942-g3a822f8 (console) character file.

6021 Kellhus the Conjurer (level 10, 0/54 HPs)
             Began as an Octopode Wizard on Sept 5, 2013.
             Was a Priest of Vehumet.
             Shot with an arrow by a deep dwarf (11 damage)
             ... on Level 8 of the Dungeon.
             The game lasted 00:36:26 (14806 turns).

Kellhus the Conjurer (Octopode Wizard)             Turns: 14806, Time: 00:36:26

HP   0/54        AC  1     Str  7      XL: 10   Next: 72%
MP   3/25        EV 12     Int 24      God: Vehumet [***...]
Gold 459         SH  0     Dex 10      Spells:  6 memorised, 11 levels left

Res.Fire  : . . .   See Invis. : .   U - +0 lajatang (curse)
Res.Cold  : . . .   Warding    : .   (no shield)
Life Prot.: + . .   Conserve   : .   b - +0 wizard hat
Res.Poison: .       Res.Corr.  : .   n - amulet of the gourmand
Res.Elec. : .       Clarity    : .   t - ring of wizardry
Sust.Abil.: . .     Spirit.Shd : .   l - ring of positive energy
Res.Mut.  : .       Stasis     : .   (no ring)
Res.Rott. : .       Flight     : .   (no ring)
Gourmand  : +                        (no ring)
                                     (no ring)
                                     (no ring)
                                     (no ring)

@: somewhat resistant to hostile enchantments, stealthy
A: almost no armour, amphibious, 8 rings, constrict 8, camouflage 1, AC +1
a: Renounce Religion


You were on level 8 of the Dungeon.
You worshipped Vehumet.
Vehumet was greatly pleased with you.
You were full.

You visited 2 branches of the dungeon, and saw 9 of its levels.

You collected 439 gold pieces.

Inventory:

Hand weapons
 U - a cursed +0,+0 lajatang (weapon)
Armour
 b - a +0 wizard hat (worn)
 H - a +1 elven robe of magic resistance
 O - a +2 elven robe of magic resistance
Magical devices
 g - a wand of digging (9) {unknown}
 M - a wand of frost (11)
 P - a wand of enslavement (14) {unknown}
 R - a wand of frost (10)
 S - a wand of hasting (5) {unknown}
Comestibles
 a - 3 pears
 d - 5 bread rations
 f - a beef jerky
 k - a lychee
 v - 16 apples
 w - a banana
 Q - 7 apricots
Scrolls
 o - 2 scrolls of magic mapping {unknown}
 p - 4 scrolls of remove curse {unknown}
 q - 4 scrolls of teleportation {unknown}
 r - a scroll of amnesia {unknown}
 u - 3 scrolls of enchant armour {unknown}
 x - a scroll of fear {unknown}
 y - 2 scrolls of curse jewellery {unknown}
 C - a scroll of enchant weapon II {unknown}
 D - a scroll of fog {unknown}
 F - a scroll of enchant weapon I {unknown}
 I - a scroll of identify
 K - a scroll of noise {unknown}
 L - 2 scrolls of recharging {unknown}
Jewellery
 l - a ring of positive energy (right tentacle)
 n - an amulet of the gourmand (around mantle)
 t - a ring of wizardry (left tentacle)
 T - an uncursed amulet of conservation {unknown}
Potions
 e - a potion of flight
 h - 3 potions of speed
 j - 3 potions of curing
 m - 2 potions of mutation
 s - a potion of invisibility
 z - a potion of degeneration
 E - a potion of might
 N - a potion of porridge
Books
 c - a book of Minor Magic

   Spells                             Type                      Level
   *Magic Dart                        Conjuration                  1
   *Blink                             Translocation                2
   Call Imp                           Summoning                    2
   *Repel Missiles                    Charms/Air                   2
   Slow                               Hexes                        2
   *Conjure Flame                     Conjuration/Fire             3
   *Mephitic Cloud                    Conjuration/Poison/Air       3
 J - a book of Control

   Spells                             Type                      Level
   Control Teleport                   Charms/Translocation         4
   Control Undead                     Necromancy                   4
   Enslavement                        Hexes                        4
   Mass Confusion                     Hexes                        6
   Metabolic Englaciation             Hexes/Ice                    6
Magical staves
 G - an uncursed staff of wizardry


   Skills:
 - Level 2.0 Dodging
 - Level 2.6 Stealth
 - Level 7.0 Spellcasting
 + Level 12.3 Conjurations
   Level 1.0 Summonings
 - Level 1.0 Translocations
 - Level 6.0 Fire Magic


You had 11 spell levels left.
You knew the following spells:

 Your Spells              Type           Power        Failure   Level  Hunger
a - Magic Dart            Conj           ####         1%          1    None
b - Conjure Flame         Conj/Fire      ######..     1%          3    None
c - Mephitic Cloud        Conj/Pois/Air  ####....     1%          3    None
d - Sting                 Conj/Pois      ####         1%          1    None
l - Blink                 Tloc           N/A          3%          2    None
r - Repel Missiles        Chrm/Air       #.........   4%          2    None


Dungeon Overview and Level Annotations

Branches:
Dungeon (8/27)             Temple (1/1) D:4
    Orc: D:6-11        Lair: D:8-13

Altars:
Ashenzari
Cheibriados
Elyvilon
Fedhas
Kikubaaqudgha
Makhleb
Nemelex Xobeh
Okawaru
Sif Muna
Trog
Vehumet
Xom
Yredelemnul
Zin

Shops:
D:7 *

Annotations:
D:6 1 exclusion
D:8 1 exclusion


Innate Abilities, Weirdness & Mutations

You cannot wear most types of armour.
You are amphibious.
You can wear up to eight rings at the same time.
You can use your tentacles to constrict many enemies at once.
Your skin changes colour to match your surroundings (Stlth).
Your rubbery body absorbs attacks (AC +1).


Message History

* * * LOW HITPOINT WARNING * * *
You see here an arrow.
* * * LOW HITPOINT WARNING * * *
You feel sick.
You feel better.
You start resting.
Casting: Magic Dart
Confirm with . or Enter, or press ? or * to list all spells.
Aiming: Mephitic Cloud
Press: ? - help, Shift-Dir - straight line, f/p - deep dwarf
Aim: a deep dwarf, wielding a bow and wearing a glowing dwarven chain mail The beam explodes into a vile cloud!
The stinking cloud engulfs the deep dwarf.
The deep dwarf is engulfed in noxious fumes.
The deep dwarf shoots an arrow.
The arrow hits you!
* * * LOW HITPOINT WARNING * * *
Unknown command.
The deep dwarf is engulfed in noxious fumes.
The deep dwarf shoots an arrow.
The arrow hits you!
You die...

#...####.#####_#####.####.#
#...###### ####..........#
#........####.#.####.###..#
#..........................
#........#.........#.###..#
#........#........q..# #..#
#........#.........### #..#
#########.##.........#####..#
#>.....)...(@...........(....
#.#######q##.........#####..#
#.# #(#.........## #.... #)#
#.#.........#####.... ##.##
#(#.........)...<.... #...#
#(#.........#####....
.###...# #.#......#..).#
#....
.)ยง...)######.#......#....#
#....
.##....##...(q#......#....#
#....


You could see a deep dwarf.

Vanquished Creatures
  Pikel (D:5)
  2 hill giants (D:8)
  Prince Ribbit (D:8)
  A shadow (D:8)
  A wyvern (D:8)
  A hungry ghost (D:4)
  A manticore (D:8)
  2 sky beasts
  4 slaves
  An ice beast (D:8)
  2 necrophages
  4 centaurs
  4 ogres
  Sigmund (D:7)
  Duvessa (D:6)
  A gnoll sergeant (D:6)
  A water moccasin (D:7)
  Blork the orc (D:4)
  2 giant frogs (D:8)
  A yak zombie (D:7)
  4 goliath beetles
  Dowan (D:6)
  An electric eel (D:6)
  5 crimson imps
  6 hounds
  2 jellies (D:6)
  Crazy Yiuf (D:3)
  2 quasits
  A giant frog skeleton (D:4)
  4 orc priests
  2 centaur skeletons
  3 iguanas
  4 worker ants
  6 orc wizards
  An ogre zombie (D:7)
  16 adders
  26 gnolls
  2 giant mites
  2 worms
  4 giant eyeballs
  5 giant geckos
  2 oozes (D:4)
  31 orcs
  11 bats
  2 bat skeletons
  A bat zombie (D:5)
  7 giant cockroaches
  13 goblins
  16 hobgoblins
  16 jackals
  17 kobolds
  4 quokkas
  A ball python (D:5)
  5 giant newts
  A goblin skeleton (D:4)
  An orc zombie (D:7)
  11 rats
270 creatures vanquished.

Vanquished Creatures (others)
  A quokka (D:7)
1 creature vanquished.

Grand Total: 271 creatures vanquished

Notes
Turn   | Place    | Note
--------------------------------------------------------------
     0 | D:1      | Kellhus, the Octopode Wizard, began the quest for the Orb.
     0 | D:1      | Reached XP level 1. HP: 9/9 MP: 5/5
   334 | D:1      | Reached XP level 2. HP: 15/15 MP: 4/7
  1304 | D:2      | Reached XP level 3. HP: 19/19 MP: 9/9
  1542 | D:2      | Reached XP level 4. HP: 25/25 MP: 6/11
  1722 | D:2      | Reached skill level 4 in Conjurations
  1906 | D:2      | Learned a level 3 spell: Conjure Flame
  1910 | D:2      | Learned a level 3 spell: Mephitic Cloud
  2283 | D:3      | Found a shimmering altar of Xom.
  2285 | D:3      | Found a basalt altar of Yredelemnul.
  2288 | D:3      | Found a white marble altar of Elyvilon.
  2336 | D:3      | Reached XP level 5. HP: 9/29 MP: 3/12
  2774 | D:3      | Reached skill level 5 in Conjurations
  2863 | D:3      | Noticed Crazy Yiuf
  2934 | D:3      | Killed Crazy Yiuf
  3079 | D:3      | Reached XP level 6. HP: 35/35 MP: 7/14
  3436 | D:4      | Reached skill level 6 in Conjurations
  3838 | D:4      | Noticed a hungry ghost
  3854 | D:4      | Killed a hungry ghost
  3854 | D:4      | Reached XP level 7. HP: 39/39 MP: 8/18
  4135 | D:4      | Reached skill level 5 in Spellcasting
  4207 | D:4      | Noticed Blork the orc
  4393 | D:4      | Found a staircase to the Ecumenical Temple.
  4403 | Temple   | Entered the Ecumenical Temple
  4547 | Temple   | Became a worshipper of Vehumet
  5560 | D:4      | Killed Blork the orc
  5740 | D:4      | Reached XP level 8. HP: 45/45 MP: 19/22
  5847 | D:5      | Entered Level 5 of the Dungeon
  6187 | D:5      | Reached skill level 7 in Spellcasting
  7005 | D:5      | Noticed Pikel
  7126 | D:5      | Acquired Vehumet's first power
  7126 | D:5      | Offered knowledge of Freeze by Vehumet.
  7126 | D:5      | Paralysed by a giant eyeball for 3 turns
  7178 | D:5      | Paralysed by a giant eyeball for 4 turns
  7883 | D:6      | Noticed Duvessa
  7883 | D:6      | Noticed Dowan
  8404 | D:6      | Reached skill level 1 in Fire Magic
  8758 | D:6      | Killed Duvessa
  8838 | D:6      | Killed Dowan
  9132 | D:6      | Learned a level 2 spell: Blink
  9135 | D:6      | Learned a level 2 spell: Repel Missiles
  9679 | D:6      | Reached XP level 9. HP: 43/49 MP: 16/23
  9893 | D:7      | Reached skill level 5 in Fire Magic
  9967 | D:7      | Noticed Sigmund
 10846 | D:7      | Killed Sigmund
 10962 | D:7      | Offered knowledge of Sting by Vehumet.
 10965 | D:7      | Learned a level 1 spell: Sting
 11106 | D:7      | Found Igam's Hardware Store.
 11429 | D:7      | Reached skill level 8 in Conjurations
 12293 | D:5      | Killed Pikel
 12293 | D:5      | Reached skill level 9 in Conjurations
 12540 | D:8      | Offered knowledge of Inner Flame by Vehumet.
 12540 | D:8      | Reached skill level 10 in Conjurations
 12606 | D:8      | Reached XP level 10. HP: 48/54 MP: 17/25
 12789 | D:8      | Noticed a hill giant
 12815 | D:8      | Killed a hill giant
 12987 | D:8      | Reached skill level 11 in Conjurations
 13324 | D:8      | Noticed a hill giant
 13352 | D:8      | Killed a hill giant
 13505 | D:8      | Found a blossoming altar of Fedhas.
 13522 | D:8      | Found a bloodstained altar of Trog.
 13527 | D:8      | Found a deep blue altar of Sif Muna.
 13569 | D:8      | Noticed Prince Ribbit
 13591 | D:8      | Killed Prince Ribbit
 13936 | D:8      | Reached skill level 12 in Conjurations
 14728 | D:8      | Acquired Vehumet's second power
 14806 | D:8      | Shot with an arrow by a deep dwarf

Action                   |  1- 3 |  4- 6 |  7- 9 | 10-12 || total
-------------------------+-------+-------+-------+-------++-------
Melee: Unarmed           |     9 |       |     9 |       ||    18
       Whip              |       |       |       |     1 ||     1
 Cast: Magic Dart        |    78 |   157 |   549 |   164 ||   948
       Mephitic Cloud    |       |     4 |    41 |    16 ||    61
       Conjure Flame     |       |     3 |    36 |    19 ||    58
       Repel Missiles    |       |       |     4 |     1 ||     5
       Sting             |       |       |    85 |    73 ||   158
       Blink             |       |       |     2 |     5 ||     7
Evoke: Wand              |       |       |     1 |       ||     1
  Use: Scroll            |       |       |    11 |     1 ||    12
       Potion            |       |       |     1 |       ||     1
 Stab: Confused          |       |       |     1 |       ||     1
